 Dungeon Crawl Stone Soup version 0.27-a0-463-gec7707c53d (webtiles) character file.

Game seed: 4790315881255985527

41064 jasper the Carver (level 13, -20/66 HPs)
             Began as a Spriggan Brigand on Feb 28, 2021.
             Was a High Priest of Okawaru.
             Killed from afar by Jorgrun (34 damage)
             ... with a blast of rock fragments
             ... on level 1 of the Orcish Mines.
             The game lasted 00:35:52 (17369 turns).

jasper the Carver (Spriggan Brigand)               Turns: 17369, Time: 00:35:52

Health: -20/66     AC:  9    Str:  7    XL:     13   Next: 78%
Magic:  11/18      EV: 36    Int: 13    God:    Okawaru [*****.]
Gold:   1476       SH: 10    Dex: 25    Spells: 12/12 levels left

rFire    . . .     SeeInvis +   l - +10 demon blade of the Iron City of Dis {elec, +Blink rPois Dex+4}
rCold    . . .     Faith    .   x - +0 buckler {rN+}
rNeg     + . .     Spirit   .   b - +0 robe
rPois    +         Reflect  .   Z - +1 hat
rElec    .         Harm     .   c - +1 cloak
rCorr    .         Rampage  .   (gloves unavailable)
Will     ++...                  (boots unavailable)
Stlth    +++++++...             t - amulet of regeneration
HPRegen  1.21/turn              O - +4 ring of slaying
MPRegen  0.16/turn              d - +4 ring of protection

@: heroism, finesse, grasped by roots, constricted, very quick
A: very small, unfitting armour, see invisible, speed 3
a: Renounce Religion, Evoke Blink, Heroism, Finesse


You were on level 1 of the Orcish Mines.
You worshipped Okawaru.
Okawaru was extremely pleased with you.
You visited 4 branches of the dungeon, and saw 20 of its levels.

You collected 1476 gold pieces.

Inventory:

Hand Weapons
 l - the +10 demon blade of the Iron City of Dis (weapon) {elec, +Blink rPois Dex+4}
   (You acquired it on level 5 of the Lair of Beasts)

   Occasionally, upon striking a foe, it can discharge electrical energy and
   cause terrible harm.
   It affects your dexterity (+4).
   It protects you from poison.
   It lets you blink.
 P - a +0 scimitar
 Y - a +6 rapier of protection
Missiles
 o - 70 bolts
 A - 17 boomerangs (quivered)
 J - a curare-tipped dart
 Q - 11 poisoned darts
 R - 9 silver boomerangs
 V - 6 atropa-tipped darts
Armour
 b - a +0 robe (worn)
 c - a +1 cloak (worn)
 x - a +0 buckler of positive energy (worn)
 Z - a +1 hat (worn)
Jewellery
 d - a +4 ring of protection (right hand)
 s - an amulet of reflection
 t - an amulet of regeneration (around neck)
 B - a ring of resist corrosion
 K - an amulet of magic regeneration
 O - a +4 ring of slaying (left hand)
 W - a ring of positive energy
Wands
 E - a wand of mindburst (9)
 I - a wand of flame (29)
 N - a wand of polymorph (8)
 S - a wand of acid (33)
 U - a wand of digging (7)
Scrolls
 a - a scroll of immolation
 g - 2 scrolls of enchant weapon
 h - 2 scrolls of blinking
 m - a scroll of random uselessness
 n - 3 scrolls of fog
 q - a scroll of amnesia
 r - 9 scrolls of enchant armour
 v - 9 scrolls of teleportation
 y - a scroll of vulnerability
 G - 13 scrolls of identify
Potions
 e - 2 potions of flight
 f - 5 potions of heal wounds
 j - 4 potions of mutation
 k - 6 potions of brilliance
 p - 2 potions of attraction
 u - 2 potions of invisibility
 w - 3 potions of ambrosia
 z - 3 potions of haste
 C - a potion of berserk rage
 D - 7 potions of lignification
 F - 2 potions of curing
 H - 2 potions of magic
 M - 3 potions of cancellation
 T - 2 potions of degeneration
Miscellaneous
 i - a condenser vane (inert)


   Skills:
 + Level 6.8(11.8) Fighting
 - Level 6.1(17.8) Short Blades
 - Level 13.7(19.0) Long Blades
 + Level 7.2(12.2) Throwing
 + Level 10.2(15.2) Dodging
 - Level 12.3(17.3) Stealth
 + Level 3.6(8.6) Shields
 + Level 5.8 Invocations


You had 12 spell levels left.
You didn't know any spells.
Your spell library contained the following spells:

 Spells                   Type           Power        Failure   Level
 Animate Skeleton         Necr           0%           30%         1
 Apportation              Tloc           0%           30%         1
 Corona                   Hex            0%           30%         1
 Summon Small Mammal      Summ           0%           30%         1
 Ensorcelled Hibernation  Hex/Ice        0%           43%         2
 Confusing Touch          Hex            0%           67%         3
 Dazzling Flash           Conj/Hex       0%           67%         3
 Gell's Gravitas          Tloc           0%           67%         3
 Tukima's Dance           Hex            0%           67%         3
 Petrify                  Tmut/Erth      0%           97%         4
 Metabolic Englaciation   Hex/Ice        0%           100%        5
 Yara's Violent Unravell  Hex/Tmut       0%           100%        5
 Borgnjor's Revivificati  Necr           0%           100%        8
 Infestation              Necr           0%           100%        8
 Necromutation            Tmut/Necr      0%           100%        8
 Death's Door             Necr           0%           100%        9


Dungeon Overview and Level Annotations

Branches:
Dungeon (12/15)            Temple (1/1) D:4            Lair (6/6) D:11
  Snake (0/4) Lair:4          Orc (1/2) D:12
  Swamp: Lair:2-4    Shoals: Lair:2-4     Slime: Lair:5-6

Altars:
Ashenzari
Cheibriados
Dithmenos
Elyvilon
Fedhas
Gozag
Hepliaklqana
Kikubaaqudgha
Makhleb
Nemelex Xobeh
Okawaru
Qazlal
Ru
Sif Muna
Trog
Uskayaw
Vehumet
Wu Jian
Xom
Yredelemnul
Zin
The Shining One

Shops:
D:6 :   D:11 :

Annotations:
D:5 1 runed translucent door, Crazy Yiuf
D:8 2 transporters
D:10 3 runed translucent doors, exclusion: obsidian statue, GEC's ghost, journeyman OgWr
Lair:2 exclusion: oklob plant
Lair:3 Rupert
Orc:1 Jorgrun


Innate Abilities, Weirdness & Mutations

You are very small and have problems with some larger weapons.
You are too small for most types of armour.
You have supernaturally acute eyesight. (SInv)
You cover ground extremely quickly.


Message History

Jorgrun shouts!
The orc shouts!
Jorgrun casts a spell at you.
Roots burst forth from the earth!
The grasping roots grab you! The grasping roots constrict you!
You take 11 damage, and have 55/66 hp.
You escape the roots' grasp.
You hit the orc.
The orc is moderately wounded.
Jorgrun points at the rock wall and mumbles some strange words.
Some rock shatters into small pieces.
The orc completely misses you. You block the orc's attack.
You slash the orc!
You kill the orc!
Jorgrun gestures at you while chanting.
Roots burst forth from the earth!
The grasping roots grab you! The grasping roots constrict you!
The orc completely misses you.
You take 8 damage, and have 48/66 hp.
You barely miss the orc warrior. You closely miss the orc warrior.
The grasping roots constrict you! You block the orc warrior's attack.
The orc closely misses you.
You take 13 damage, and have 36/66 hp.
You are too injured to fight recklessly!
You are too injured to fight recklessly!
You are too injured to fight recklessly!
You are too injured to fight recklessly!
You are too injured to fight recklessly!
You gain the combat prowess of a mighty hero.
Jorgrun points at you and mumbles some strange words.
You block the iron shot. The grasping roots constrict you!
The orc warrior hits you with a +0 dire flail!
* * * LOW HITPOINT WARNING * * *
The orc closely misses you.
You take 23 damage, and have 13/66 hp.
MASSIVE DAMAGE!!
You now have 16/18 mp.
You can now deal lightning-fast blows.
Jorgrun gestures at you while chanting.
The wall shatters!
The blast of rock fragments hits you!!
Ouch! That really hurt!
You die...

........#......#
.......##...#.#
...#.#.##....#.####### .
).#.........#...#..#.#..
)..........##.g#...... ..
..#.........#........ #..
...#.......##...o#.# ....
........#...#..o...## .....
........##.## #@...##...>.
.......##.## ###.........
#..........#####.#.........
.#...#.##.#.##.....$.###..
###..#.#.........#.###
.##.........##..#.## .#
...##..#####.... ## #.#
#### ##..#. # ## #...##


You could see Jorgrun, an orc warrior and an orc.

Vanquished Creatures
  An ettin (Orc:1)
  2 boulder beetles
  6 hydras
  2 two-headed ogres
  An unseen horror (D:12)
  6 ugly things
  6 elephants
  3 black mambas
  2 manticores (D:12)
  8 cane toads
  A torpor snail (Lair:5)
  The ghost of SmokeWeed the Covert, a novice OpBr (D:5)
  11 komodo dragons
  4 rime drakes (Lair:5)
  A polar bear (D:8)
  A troll (D:9)
  4 blink frogs (Lair:5)
  6 dream sheep (Lair:4)
  Sigmund (D:2)
  2 humans (D:11)
  A spriggan (Lair:2)
  3 wyverns
  38 yaks
  4 basilisks
  4 vampire mosquitoes (D:12)
  9 water moccasins
  5 sky beasts
  7 ice beasts
  13 orc warriors
  A black bear (D:8)
  6 ogres
  10 wolves
  5 centaurs
  2 kobold brigands
  30 bullfrogs
  A gnoll sergeant (D:6)
  A wyvern zombie (D:11)
  A wyvern skeleton (D:11)
  4 scorpions
  9 wights
  13 killer bees
  2 electric eels
  A howler monkey (D:12)
  2 wyvern simulacra (D:8)
  A centaur zombie (D:11)
  5 hounds
  2 jellies
  5 bullfrog skeletons
  7 orc priests
  Jessica (D:8)
  2 iguanas
  16 orc wizards
  7 worker ants
  4 hound skeletons
  2 worker ant zombies
  6 gnolls (D:6)
  16 adders
  A shadow imp (D:9)
  2 white imps (D:8)
  A howler monkey simulacrum (D:8)
  A worker ant simulacrum (D:8)
  2 ufetubi
  An ooze (D:1)
  2 adder skeletons
  2 worms
  2 dart slugs (D:1)
  4 leopard geckos
  59 orcs
  2 ball pythons
  6 giant cockroaches
  12 goblins
  13 hobgoblins
  14 jackals
  7 quokkas
  11 bats
  4 frilled lizards (D:1)
  2 jackal skeletons
  10 kobolds
  A quokka skeleton (D:4)
  7 rats
481 creatures vanquished.

Vanquished Creatures (others)
  29 fungi
  42 plants
71 creatures vanquished.

Grand Total: 552 creatures vanquished

Notes
Turn   | Place    | Note
-------+----------+-------------------------------------------
     0 | D:1      | jasper the Spriggan Brigand began the quest for the Orb.
     0 | D:1      | Reached XP level 1. HP: 10/10 MP: 2/2
   137 | D:1      | Reached XP level 2. HP: 15/15 MP: 3/3
   433 | D:1      | Reached XP level 3. HP: 18/18 MP: 4/4
  1086 | D:2      | Reached XP level 4. HP: 7/23 MP: 5/5
  1739 | D:2      | Found an ancient bone altar of Kikubaaqudgha.
  1806 | D:2      | Noticed Sigmund
  1818 | D:2      | Killed Sigmund
  1819 | D:2      | Reached XP level 5. HP: 27/27 MP: 6/6
  1819 | D:2      | Reached XP level 6. HP: 32/32 MP: 7/7
  2699 | D:3      | Found a burning altar of Makhleb.
  2856 | D:3      | Reached skill level 5 in Short Blades
  3123 | D:4      | Found a snail-covered altar of Cheibriados.
  3243 | D:4      | Found a staircase to the Ecumenical Temple.
  3260 | Temple   | Entered the Ecumenical Temple
  3321 | Temple   | Became a worshipper of Warmaster Okawaru
  3817 | D:4      | Reached XP level 7. HP: 30/36 MP: 8/8
  4080 | D:5      | Entered Level 5 of the Dungeon
  4167 | D:5      | Found a large runed translucent door.
  4167 | D:5      | Found a large runed translucent door.
  4373 | D:5      | Reached * piety under Okawaru
  4417 | D:5      | Noticed SmokeWeed's ghost (novice OpBr)
  4557 | D:5      | Reached skill level 5 in Dodging
  4599 | D:5      | Reached skill level 1 in Long Blades
  4892 | D:5      | Reached skill level 1 in Invocations
  4895 | D:5      | Reached XP level 8. HP: 40/42 MP: 9/9
  5259 | D:5      | Found a runed translucent door.
  5260 | D:5      | Noticed Crazy Yiuf
  5316 | D:5      | Found an ornate altar of the Wu Jian Council.
  5482 | D:6      | Reached skill level 2 in Long Blades
  5950 | D:6      | Found Naoxt's Book Shoppe.
  6032 | D:6      | Reached ** piety under Okawaru
  6276 | D:6      | Reached skill level 3 in Long Blades
  6835 | D:7      | Found an opulent altar of Gozag.
  6853 | D:7      | Reached XP level 9. HP: 22/45 MP: 12/12
  6916 | D:7      | Noticed a +0 hand axe
  6917 | D:7      | Found a hide-covered altar of Uskayaw.
  6917 | D:7      | Noticed a +0 dagger
  7154 | D:8      | Reached skill level 10 in Stealth
  7166 | D:8      | Reached skill level 4 in Long Blades
  7214 | D:8      | Reached *** piety under Okawaru
  7314 | D:8      | Found a transporter.
  7315 | D:8      | Noticed a freezing wraith
  7316 | D:8      | Found a transporter.
  7316 | D:8      | Found a blossoming altar of Fedhas.
  7460 | D:8      | Found a sparkling altar of Nemelex Xobeh.
  7793 | D:9      | Noticed a troll
  7804 | D:9      | Killed a troll
  7808 | D:9      | Reached skill level 5 in Fighting
  7918 | D:9      | Reached skill level 5 in Long Blades
  8466 | D:9      | Reached **** piety under Okawaru
  8467 | D:9      | Reached skill level 5 in Throwing
  8467 | D:9      | Reached XP level 10. HP: 51/51 MP: 13/13
  8658 | D:10     | Entered Level 10 of the Dungeon
  9302 | D:10     | Reached skill level 6 in Long Blades
  9442 | D:10     | Found an opulent altar of Gozag.
  9442 | D:10     | Noticed an obsidian statue
  9443 | D:10     | Found a runed translucent gate.
  9443 | D:10     | Found a runed translucent gate.
  9443 | D:10     | Found a runed translucent gate.
  9445 | D:10     | Noticed a deep elf pyromancer
  9446 | D:10     | Noticed GEC's ghost (journeyman OgWr)
  9447 | D:10     | Noticed a frost giant
  9660 | D:10     | Reached skill level 7 in Long Blades
  9918 | D:11     | Reached ***** piety under Okawaru
 10043 | D:11     | Found an iron altar of Okawaru.
 10056 | D:11     | Reached skill level 8 in Long Blades
 10139 | D:11     | Noticed a boulder beetle
 10142 | D:11     | Received a gift from Okawaru
 10159 | D:11     | Killed a boulder beetle
 10159 | D:11     | Received a gift from Okawaru
 10160 | D:11     | Reached skill level 9 in Long Blades
 10203 | D:11     | Noticed a purple ugly thing
 10203 | D:11     | Noticed a two-headed ogre
 10316 | D:8      | Reached XP level 11. HP: 28/56 MP: 12/14
 10558 | D:8      | Identified the +8 long sword "Earthworm" {vorpal, +Rage rC+
                  | Int+2}
 10569 | D:8      | Received a gift from Okawaru
 10671 | D:8      | Noticed Jessica
 10675 | D:8      | Killed Jessica
 10681 | D:8      | Found a shimmering blue altar of Sif Muna.
 11212 | D:5      | Killed SmokeWeed's ghost
 11525 | D:11     | Noticed a cyan ugly thing
 11538 | D:11     | Reached skill level 10 in Long Blades
 11584 | D:11     | Killed a cyan ugly thing
 11750 | D:11     | Killed a two-headed ogre
 11750 | D:11     | Received a gift from Okawaru
 11791 | D:11     | Found a staircase to the Lair.
 12083 | D:11     | Killed a purple ugly thing
 12219 | D:11     | Found Laecw's Book Emporium.
 12251 | Lair:1   | Entered Level 1 of the Lair of Beasts
 12251 | Lair:1   | Noticed a four-headed hydra
 12263 | Lair:1   | Killed a four-headed hydra
 12264 | Lair:1   | Reached skill level 11 in Long Blades
 12462 | Lair:1   | Noticed a seven-headed hydra
 12469 | Lair:1   | Killed a seven-headed hydra
 13237 | Lair:2   | Reached skill level 12 in Long Blades
 13264 | Lair:2   | Noticed a five-headed hydra
 13303 | Lair:2   | Killed a five-headed hydra
 13304 | Lair:2   | Reached XP level 12. HP: 60/60 MP: 15/15
 13376 | Lair:2   | Received a gift from Okawaru
 13993 | Lair:2   | Reached skill level 13 in Long Blades
 14011 | Lair:3   | Noticed Rupert
 14473 | Lair:4   | Noticed a four-headed hydra
 14488 | Lair:4   | Found a staircase to the Snake Pit.
 14518 | Lair:4   | Killed a four-headed hydra
 14687 | Lair:4   | Identified the +3 mace "Doynnitz" {vorpal, +Rage rC- Str+8}
 14836 | Lair:4   | Reached skill level 1 in Shields
 14997 | Lair:4   | Received a gift from Okawaru
 15196 | Lair:5   | Identified a scroll of acquirement
 15220 | Lair:5   | Acquired the +10 demon blade of the Iron City of Dis {elec,
                  | +Blink rPois Dex+4}
 15365 | Lair:5   | Noticed a five-headed hydra
 15373 | Lair:5   | Killed a five-headed hydra
 15374 | Lair:5   | Reached XP level 13. HP: 34/65 MP: 15/17
 15694 | Lair:5   | Received a gift from Okawaru
 15878 | Lair:5   | Found a broken altar of Ashenzari.
 16369 | Lair:6   | Entered Level 6 of the Lair of Beasts
 16636 | D:12     | Reached skill level 5 in Invocations
 16651 | D:12     | Found a staircase to the Orcish Mines.
 16705 | D:12     | Received a gift from Okawaru
 16943 | D:12     | Reached ****** piety under Okawaru
 16952 | D:12     | Reached skill level 10 in Dodging
 17043 | D:12     | Received a gift from Okawaru
 17152 | Orc:1    | Entered Level 1 of the Orcish Mines
 17259 | Orc:1    | Noticed an ettin
 17269 | Orc:1    | Killed an ettin
 17360 | Orc:1    | Noticed Jorgrun
 17369 | Orc:1    | Killed from afar by Jorgrun

Illustrated notes

Levels and vault maps discovered:
D:1:      scummos_arrival_simple_crosswalls, layout_basic, minmay_tromino_i2
D:2:      layout_basic, nicolae_overflow_crystal_walls, nrook_loot_triangle,
          uniq_sigmund
D:3:      minmay_evil_eye, layout_loops_ring, bloody_makhleb, chequers_jeans
D:4:      corexii_shack_village, layout_basic, old_standard_altar,
          minmay_temple_entry_offerings
D:5:      layout_rooms, nzn_wu_jian_council_hall, ebering_ghost_disaster_area,
          kennysheep_potato, uniq_crazy_yiuf_cottage
D:6:      layout_loops_corners, serial_shops, shop, minmay_fountain_box,
          kennysheep_generic_room_7
D:7:      layout_rooms, dancing_weapons_uskayaw,
          nicolae_gozag_cash_rules_everything_around_me, eino_jars
D:8:      layout_gridville, nemelex_xobeh_ov_fountains_minmay,
          gammafunk_temple_overflow_arena, tgw_sif, serial_ice, serial_ice_f,
          serial_ice_h, serial_ice_c, serial_ice_e, serial_ice_k,
          kennysheep_generic_room_4
D:9:      layout_small_grid
D:10:     layout_grid_maze, ebering_ghost_gozag
D:11:     layout_roguey, grunt_lair_entry_orc_guard_hut, serial_shops,
          kennysheep_mini, okawaru_humans
D:12:     layout_roguey, david_orc_2
Temple:   nicolae_temple_god_jail
Lair:1:   layout_cave_pods, infiniplex_staircase_pool
Lair:2:   layout_hall_layers, nicolae_quartered_pool_little,
          grunt_forest_large_clearing_hut, minmay_lair_oklob_chamber,
          grunt_megastairs_2
Lair:3:   layout_loops_ring, minmay_shoals_entry_hut, beast_lair_carwin_6,
          uniq_rupert, uniq_nergalle, uniq_gastronok, uniq_snorg
Lair:4:   layout_gridlike, dummy_snake_entry, lemuel_another_geyser
Lair:5:   nzn_winding_woodlands_small [nzn_winding_woodlands_5x15_default,
          nzn_winding_woodlands_center_garden,
          nzn_winding_woodlands_5x15_parted], layout_long_grid, basic_altar
Lair:6:   due_jungle_book, layout_regular_city, slime_altar_1,
          eino_small_chamber_without_monster
Orc:1:    layout_caves, nicolae_orc_flooded_monolith, uniq_jorgrun

Skill      XL: |  1  2  3  4  5  6  7  8  9 10 11 12 13 |
---------------+----------------------------------------+-----
Stealth        | 6 7 8 9 10 11 12 | 12.3
Dodging        | 2 3 4 5 6 7 8 10 | 10.2
Short Blades   | 3 4 5 6 |  6.1
Fighting       | 2 3 4 5 6 |  6.8
Long Blades    | 1 3 5 9 12 13 | 13.7
Invocations    | 1 2 4 5 |  5.8
Throwing       | 3 5 7 |  7.2
Shields        | 1 3 |  3.6

Action                   |  1- 3 |  4- 6 |  7- 9 | 10-12 | 13-15 || total
-------------------------+-------+-------+-------+-------+-------++-------
Melee: Dagger            |   166 |   202 |   675 |   179 |       ||  1222
       Punch             |       |       |     3 |     4 |       ||     7
       Long sword        |       |       |    10 |   296 |       ||   306
       Scimitar          |       |       |       |    98 |       ||    98
       Rapier            |       |       |       |    16 |       ||    16
       Demon blade       |       |       |       |    20 |   212 ||   232
Throw: Dart              |    31 |    22 |    38 |       |       ||    91
       Boomerang         |       |       |    33 |   215 |    71 ||   319
Invok: Heroism           |       |       |     7 |    13 |     4 ||    24
       Finesse           |       |       |       |       |     2 ||     2
Evoke: Wand              |       |       |    37 |    14 |     2 ||    53
       Condenser vane    |       |       |       |       |     1 ||     1
  Use: Scroll            |     2 |     2 |    15 |     6 |     1 ||    26
       Potion            |       |       |     2 |     1 |       ||     3
 Stab: Sleeping          |     4 |    19 |    18 |    12 |     2 ||    55
       Distracted        |       |     1 |     3 |     2 |       ||     6
       Invisible         |       |       |     3 |     4 |       ||     7
       Petrified         |       |       |     1 |     2 |       ||     3
       Petrifying        |       |       |     1 |     1 |       ||     2
       Confused          |       |       |     1 |       |     4 ||     5
Armor: Robe              |    17 |    12 |    40 |    24 |    12 ||   105
Dodge: Dodged            |   113 |   119 |   435 |   586 |   115 ||  1368
Block: Other             |       |    13 |    29 |       |       ||    42
       Reflection        |       |       |     2 |       |       ||     2
       Buckler           |       |       |       |    69 |    54 ||   123
       Rpst.: Long sword |       |       |     4 |    71 |       ||    75
       Scimitar          |       |       |       |    26 |       ||    26
       Demon blade       |       |       |       |     8 |    31 ||    39

Table legend: (Time is in decaauts)
 A = Elapsed time spent in this place.
 B = Non-inter-level travel time spent in this place.
 C = Inter-level travel time spent in this place.
 D = Time resting spent in this place.
 E = Time spent auto-exploring this place.
 F = Levels seen in this place.
 G = Mean time per level.
                   A        B        C        D        E       F      G
               +--------+--------+--------+--------+--------+-----+--------+
         Total |  12298 |  11638 |    660 |    840 |   7473 |  20 |  614.9 |
       Dungeon |   9131 |   8620 |    511 |    621 |   5531 |  12 |  760.9 |
        Temple |     45 |     40 |      5 |      0 |     21 |   1 |   45.0 |
          Lair |   2975 |   2833 |    142 |    219 |   1814 |   6 |  495.8 |
  Orcish Mines |    147 |    147 |      0 |      0 |    106 |   1 |  147.0 |
               +--------+--------+--------+--------+--------+-----+--------+

Top non-repeatable levels by time:
     D:5: 1073 daAuts
     D:6: 1009 daAuts
     D:3: 935 daAuts
     D:8: 883 daAuts
    D:11: 883 daAuts
  Lair:5: 827 daAuts
    D:10: 799 daAuts
     D:2: 720 daAuts
     D:1: 719 daAuts
  Lair:2: 674 daAuts
  Lair:1: 664 daAuts
  Lair:4: 661 daAuts
     D:9: 655 daAuts
     D:4: 648 daAuts
     D:7: 404 daAuts
